 Dungeon Crawl Stone Soup version 0.27.0-65-ge2af304b15 (webtiles) character file.

Game seed: 7994672340427485646

209 robertstho the Ruffian (level 5, -8/46 HPs)
             Began as a Ghoul Monk on Aug 18, 2021.
             Mangled by an ogre (19 damage)
             ... on level 4 of the Dungeon.
             The game lasted 00:03:51 (3879 turns).

robertstho the Ruffian (Ghoul Monk)                 Turns: 3879, Time: 00:03:52

Health: -8/46      AC:  8    Str: 16    XL:     5   Next: 87%
Magic:  4/4        EV: 10    Int:  5    God:
Gold:   60         SH:  0    Dex: 11    Spells: 4/4 levels left

rFire    . . .     SeeInvis .     - Unarmed
rCold    + . .     Faith    .   (no shield)
rNeg     + + +     Spirit   .   k - +0 scale mail
rPois    ∞         Reflect  .   (no helmet)
rElec    .         Harm     .   c - +0 cloak
rCorr    .         Rampage  .   g - +0 pair of gloves
Will     .....                  (no boots)
Stlth    +.........             e - amulet of regeneration
HPRegen  0.00/turn              (no ring)
MPRegen  0.09/turn              (no ring)

@: inhibited regen
A: claws 1, cold resistance 1, negative energy resistance 3, inhibited
regeneration, torment resistance 2
a: no special abilities


You were on level 4 of the Dungeon.
You visited 1 branch of the dungeon, and saw 4 of its levels.

You collected 60 gold pieces.

Inventory:

Armour
 c - a +0 cloak (worn)
 g - a +0 pair of gloves (worn)
 k - a +0 scale mail (worn)
Jewellery
 e - an amulet of regeneration (around neck)
Scrolls
 a - a scroll of amnesia
 b - a scroll of fog {unknown}
 i - 3 scrolls of teleportation
Potions
 d - a potion of resistance {unknown}
 f - 2 potions of invisibility {unknown}
 h - a potion of curing {unknown}
 j - a potion of lignification {unknown}
 l - a potion of might {unknown}


   Skills:
 * Level 4.2 Fighting
 * Level 2.0 Armour
 + Level 3.2 Dodging
 * Level 3.4 Stealth
 + Level 4.6 Unarmed Combat


You had 4 spell levels left.
You didn't know any spells.
Your spell library contained the following spells:

 Spells                   Type           Power      Damage    Failure   Level
 Corona                   Hex            0%         N/A       89%         1
 Foxfire                  Conj/Fire      0%         2x1d4     89%         1
 Magic Dart               Conj           0%         1d3       89%         1
 Call Imp                 Summ           0%         N/A       96%         2
 Ensorcelled Hibernation  Hex/Ice        0%         N/A       96%         2
 Slow                     Hex            0%         N/A       96%         2
 Confusing Touch          Hex            0%         N/A       99%         3
 Conjure Flame            Conj/Fire      0%         6-21      99%         3
 Inner Flame              Hex/Fire       0%         N/A       99%         3
 Mephitic Cloud           Conj/Pois/Air  0%         N/A       99%         3
 Tukima's Dance           Hex            0%         N/A       99%         3
 Vampiric Draining        Necr           0%         2d6       99%         3
 Freezing Cloud           Conj/Ice/Air   0%         6-21      100%        5
 Simulacrum               Ice/Necr       0%         N/A       100%        6
 Polar Vortex             Ice            0%         N/A       100%        9


Dungeon Overview and Level Annotations

Branches:
Dungeon (4/15)
 Temple: D:4-7

Altars:
Sif Muna

Shops:
D:1 =   D:2 (


Innate Abilities, Weirdness & Mutations

You thrive by killing the living.
You are immune to poison.
You have sharp fingernails.
Your flesh is cold resistant. (rC+)
You are immune to negative energy. (rN+++)
You do not regenerate when monsters are visible.
You are immune to unholy pain and torment.


Message History

You kill the endoplasm!
You feel better.
You start resting.
HP restored.
There is a stone staircase leading down here.
You climb downwards.
The iguana closely misses you. The ogre barely misses you.
The iguana closely misses you.
There is a stone staircase leading up here.
You hit the iguana. You punch the iguana.
You kill the iguana!
The ogre hits you with a +0 giant spiked club.
Your Armour skill increases to level 2!
You punch the ogre!
The ogre is moderately wounded.
The ogre hits you with a +0 giant spiked club!
You hit the ogre.
The ogre is heavily wounded.
You hit the ogre but do no damage.
The ogre is heavily wounded.
The ogre barely misses you.
You barely miss the ogre. Your punch misses the ogre.
The ogre is heavily wounded.
The ogre closely misses you.
You hit the ogre.
The ogre is heavily wounded.
The ogre misses you.
You barely miss the ogre. You punch the ogre.
The ogre is heavily wounded.
You closely miss the ogre.
The ogre is heavily wounded.
The ogre hits you with a +0 giant spiked club!!
Ouch! That really hurt!
* * * LOW HITPOINT WARNING * * *
You are too injured to fight recklessly!
You are too injured to fight recklessly!
You are too injured to fight recklessly!
You closely miss the ogre.
The ogre is heavily wounded.
The ogre hits you with a +0 giant spiked club!!
You die...

#..................
..#................
#.................
#...............#
##..##.....!.....
##............###.
#............##
#....#.O......#
##.. #@.......#
#...............
.......##........#
#..###. .##.....##
## .. . .<.#.# #..
. ..#### ### .#


You could see an ogre.

Vanquished Creatures
  An orc priest (D:3)
  2 iguanas (D:4)
  4 adders
  2 worms (D:2)
  5 dart slugs
  7 orcs
  10 endoplasms
  2 giant cockroaches
  4 goblins
  5 hobgoblins
  6 jackals (D:2)
  4 kobolds
  A quokka (D:1)
  8 ball pythons
  4 bats
  2 frilled lizards
  5 rats
72 creatures vanquished.

Notes
Turn   | Place    | Note
-------+----------+-------------------------------------------
     0 | D:1      | robertstho the Ghoul Monk began the quest for the Orb.
     0 | D:1      | Reached XP level 1. HP: 19/19 MP: 0/0
   268 | D:1      | Found a faded altar of an unknown god.
   396 | D:1      | Reached XP level 2. HP: 26/26 MP: 1/1
  1032 | D:1      | Found Ygeggeung's Jewellery Shop.
  1280 | D:2      | Reached XP level 3. HP: 22/33 MP: 2/2
  1635 | D:2      | Reached skill level 1 in Armour
  1955 | D:2      | Found Wacus's Weapon Shop.
  1981 | D:2      | Reached XP level 4. HP: 32/40 MP: 3/3
  3034 | D:3      | Found a shimmering blue altar of Sif Muna.
  3079 | D:3      | Reached XP level 5. HP: 45/46 MP: 4/4
  3821 | D:4      | Noticed an ogre
  3879 | D:4      | Mangled by an ogre

Illustrated notes

Levels and vault maps discovered:
D:1:      dpeg_arrival_houses_and_road, layout_basic, serial_shops,
          nicolae_shop_competitors_out_of_business,
          hellmonk_ecumenical_altar_slurped_away
D:2:      layout_basic, serial_shops, shop
D:3:      layout_basic, mainiacjoe_overflow_surrounded_room, minmay_pentangle
D:4:      layout_cave_pools, minmay_temple_entry_enclosed_plants,
          due_unseen_surprise

Skill      XL: |  1  2  3  4  5 |
---------------+----------------+-----
Dodging        | 3 |  3.2
Armour         | 1 2 |  2.0
Fighting       | 4 |  4.2
Unarmed Combat | 4 |  4.6
Stealth        | 3 |  3.4

Action                   |  1- 3 |  4- 6 || total
-------------------------+-------+-------++-------
Melee: Unarmed           |   152 |   176 ||   328
       Punch             |     2 |     6 ||     8
  Use: Scroll            |     2 |     1 ||     3
       Potion            |       |     3 ||     3
 Stab: Sleeping          |     4 |     1 ||     5
Armor: Robe              |    44 |     4 ||    48
       Scale mail        |       |    70 ||    70
Dodge: Dodged            |   108 |    79 ||   187
